 Dungeon Crawl Stone Soup version 0.26-a0-665-gefeb406119 (webtiles) character file.

Game seed: 10469457292061536537

822 Elric the Chiller (level 7, -1/50 HPs)
             Began as a Red Draconian Ice Elementalist on Oct 13, 2020.
             Slain by a hound (2 damage)
             ... on level 4 of the Dungeon.
             The game lasted 00:06:33 (3845 turns).

Elric the Chiller (Red Draconian Ice Elementalist)  Turns: 3845, Time: 00:06:33

Health: -1/50      AC:  6    Str: 10    XL:     7   Next: 63%
Magic:  13/13      EV: 12    Int: 17    God:
Gold:   95         SH:  0    Dex: 12    Spells: 7/15 levels left

rFire    + . .     SeeInvis .   (no weapon)
rCold    . . .     Faith    .   (no shield)
rNeg     . . .     Spirit   .   (armour unavailable)
rPois    .         Reflect  .   (helmet restricted)
rElec    .         Harm     .   (no cloak)
rCorr    .         Rampage  .   (no gloves)
MR       .....                  (no boots)
Stlth    ++........             (no amulet)
HPRegen  0.16/turn              (no ring)
MPRegen  0.13/turn              (no ring)

@: no status effects
A: breathe fire, unfitting armour, fire resistance 1, cold-blooded, AC +6
a: Breathe Fire


You were on level 4 of the Dungeon.
You visited 1 branch of the dungeon, and saw 4 of its levels.

You collected 95 gold pieces.

Inventory:

Jewellery
 e - a +4 ring of slaying {unknown}
Scrolls
 b - a scroll of fog {unknown}
 c - 2 scrolls of teleportation {unknown}
 f - 4 scrolls of noise {unknown}
 g - a scroll of blinking {unknown}
 h - 2 scrolls of magic mapping {unknown}
 i - a scroll of immolation {unknown}
 l - a scroll of identify {unknown}
Potions
 a - a potion of resistance {unknown}
 d - a potion of stabbing {unknown}
 j - 2 potions of degeneration {unknown}
 k - a potion of curing {unknown}
 m - a potion of mutation {unknown}
 n - a potion of might {unknown}


   Skills:
 - Level 1.8 Dodging
 - Level 1.8 Stealth
 + Level 4.5 Spellcasting
 * Level 4.4 Conjurations
 + Level 5.7 Ice Magic


You had 7 spell levels left.
You knew the following spells:

 Your Spells              Type           Power        Failure   Level
a - Freeze                Ice            ###.         1%          1
b - Frozen Ramparts       Ice            ###...       4%          3
c - Hailstorm             Conj/Ice       ###.....     19%         4

Your spell library contained the following spells:

 Spells                   Type           Power        Failure   Level
 Ozocubu's Armour         Ice            ###.....     4%          3
 Summon Ice Beast         Ice/Summ       ##......     41%         4


Dungeon Overview and Level Annotations

Branches:
Dungeon (4/15)
 Temple: D:4-7

Altars:
Xom
Zin

Shops:
D:4 *

Annotations:
D:4 Ijyb


Innate Abilities, Weirdness & Mutations

You can breathe blasts of fire.
Your fiery red scales are hard. (AC +6)
You cannot fit into any form of body armour.
Your flesh is heat resistant. (rF+)
You are cold-blooded and may be slowed by cold attacks.


Message History

* * * LOW HITPOINT WARNING * * *
The hound bites you but does no damage. The hound closely misses you.
The hound completely misses you. The hound completely misses you.
The hound stops to sniff the ground.
The hound bites you.
* * * LOW HITPOINT WARNING * * *
The hound barely misses you. The hound bites you.
* * * LOW HITPOINT WARNING * * *
Ijyb screams, "No!
No, no, no, no!"
The hound bites you.
* * * LOW HITPOINT WARNING * * *
The hound bites you.
* * * LOW HITPOINT WARNING * * *
The hound bites you.
* * * LOW HITPOINT WARNING * * *
Ijyb grins evilly.
The hound bites you but does no damage. The hound bites you.
You die...

#...........#
.......#_#..#
...##.##⌠##.#
#.###..###..# #.#
##......# #.# ##.###.#
#.# #.# #.# ).# #.#
#.############ ..#
##.###.....@hgh....
>.####..##...######Z#...
.............#
..####.###...# ..# #.#
##.## ..# #.# #.# #.#
#.# #.# .# #.# #.# ...
.#


You could see Ijyb, 2 hounds and a hound skeleton.

Vanquished Creatures
  Pikel (D:4)
  A centaur (D:4)
  4 lemures (D:4)
  Blork the orc (D:4)
  An orc priest (D:3)
  4 gnolls (D:3)
  5 adders (D:2)
  An ooze (D:3)
  3 worms
  4 dart slugs (D:2)
  6 leopard geckos
  4 orcs (D:3)
  2 giant cockroaches
  5 goblins
  8 hobgoblins
  7 jackals
  5 kobolds
  2 quokkas (D:3)
  A ball python (D:1)
  8 bats
  3 frilled lizards
  5 rats
81 creatures vanquished.

Notes
Turn   | Place    | Note
-------+----------+-------------------------------------------
     0 | D:1      | Elric the Draconian Ice Elementalist began the quest for
                  | the Orb.
     0 | D:1      | Reached XP level 1. HP: 14/14 MP: 3/3
   265 | D:1      | Reached XP level 2. HP: 20/20 MP: 0/5
   978 | D:2      | Reached XP level 3. HP: 26/26 MP: 3/6
  1286 | D:2      | Reached skill level 5 in Ice Magic
  1462 | D:2      | Found a shimmering altar of Xom.
  1467 | D:2      | Reached XP level 4. HP: 29/33 MP: 5/8
  2110 | D:3      | Learned a level 3 spell: Frozen Ramparts
  2115 | D:3      | Learned a level 4 spell: Hailstorm
  2403 | D:3      | Reached XP level 5. HP: 38/38 MP: 3/9
  2698 | D:3      | Reached skill level 6 in Ice Magic
  3301 | D:4      | Noticed a centaur
  3316 | D:4      | Killed a centaur
  3316 | D:4      | Reached skill level 1 in Conjurations
  3316 | D:4      | Reached XP level 6. HP: 25/45 MP: 5/11
  3462 | D:4      | Found a glowing silver altar of Zin.
  3462 | D:4      | Found Zin's Purification Station.
  3463 | D:4      | Noticed Blork the orc
  3463 | D:4      | Noticed Pikel
  3482 | D:4      | Killed Blork the orc
  3540 | D:4      | Killed Pikel
  3540 | D:4      | Your scales start taking on a fiery red colour.
  3540 | D:4      | Reduced skill Ice Magic to level 5
  3540 | D:4      | Reached XP level 7. HP: 25/50 MP: 0/13
  3540 | D:4      | Gained mutation: Your flesh is heat resistant. (rF+) [Red
                  | Draconian growth]
  3791 | D:4      | Noticed Ijyb
  3844 | D:4      | HP: 1/50 [hound (3)]
  3845 | D:4      | Slain by a hound

Illustrated notes

Levels and vault maps discovered:
D:1:      minmay_arrival_shattered_statue, layout_basic, st_stairs_10
D:2:      layout_basic, xom_redecorated, corexii_shack, chequers_garden
D:3:      layout_rooms, interstate_on_off
D:4:      layout_loops_ring, zin_purify, minmay_increasing_density,
          uniq_sigmund, uniq_blork_the_orc, uniq_ijyb, uniq_pikel

Skill      XL: |  1  2  3  4  5  6 |
---------------+-------------------+-----
Ice Magic      | 5 6 5 |  5.7
Spellcasting   | 3 4 |  4.5
Conjurations   | 1 4 |  4.4
Dodging        | |  1.8
Stealth        | |  1.8

Action                   |  1- 3 |  4- 6 |  7- 9 || total
-------------------------+-------+-------+-------++-------
Melee: Unarmed           |     1 |     2 |       ||     3
 Cast: Freeze            |    52 |    37 |       ||    89
       Frozen Ramparts   |       |    25 |       ||    25
Armor: Skin              |    16 |    12 |    42 ||    70
Dodge: Dodged            |    24 |    32 |    76 ||   132

Table legend: (Time is in decaauts)
 A = Elapsed time spent in this place.
 B = Non-inter-level travel time spent in this place.
 C = Inter-level travel time spent in this place.
 D = Time resting spent in this place.
 E = Time spent auto-exploring this place.
 F = Levels seen in this place.
 G = Mean time per level.
                   A        B        C        D        E       F      G
               +--------+--------+--------+--------+--------+-----+--------+
         Total |   3844 |   3790 |     54 |      0 |   3138 |   4 |  961.0 |
       Dungeon |   3844 |   3790 |     54 |      0 |   3138 |   4 |  961.0 |
               +--------+--------+--------+--------+--------+-----+--------+

Top non-repeatable levels by time:
     D:2: 1225 daAuts
     D:3: 1008 daAuts
     D:1: 875 daAuts
     D:4: 735 daAuts
